Map: Zen ER

Players

kers - Winner!

  • Race: Protoss Protoss
  • League: Platinum
  • Spawn Location: 1:00

VOD

Have the link to the VOD?

Description

Time

  • Played on: March 4, 2020, 12:54 p.m.
  • Length: 10:11
Show
View Real Time Build Order
Export as new Build Order

kers Protoss - Winner!

Build Orders: 1 Gate Expand, Archon Immortal 

Get SALT Encoding   

  12  0:02  Probe  
  12  0:15  Probe  
  12  0:22  Pylon  
  12  0:27  Probe  
  12  0:40  Probe (Chrono Boost)  
  12  0:42  Gateway  
  12  0:52  Probe (Chrono Boost)  
  12  1:00  Probe (Chrono Boost)  
  12  1:07  Probe  
  12  1:19  Probe  
  12  1:22  Nexus  
  12  1:34  Probe  
  12  1:36  Cybernetics Core  
  12  1:45  Pylon  
  12  1:47  Probe  
  12  1:50  Assimilator  
  12  1:59  Probe  
  12  2:01  Assimilator  
  12  2:11  Probe  
  12  2:23  Probe  
  12  2:27  Warp Gate (Chrono Boost), Adept  
  12  2:34  Probe  
  12  2:35  Probe  
  12  2:46  Probe  
  12  2:47  Probe  
  12  2:58  Probe  
  12  2:59  Probe  
  12  3:00  Pylon  
  12  3:04  Stalker  
  12  3:10  Probe  
  12  3:11  Probe, Robotics Facility  
  12  3:23  Probe x2  
  12  3:26  Gateway  
  12  3:30  Gateway  
  12  3:35  Probe x2  
  12  3:47  Probe  
  12  3:48  Probe  
  12  3:49  Forge  
  12  3:53  Pylon  
  12  3:57  Sentry  
  12  3:59  Probe  
  12  4:00  Probe, Observer (Chrono Boost)  
  12  4:07  Pylon  
  12  4:11  Probe  
  12  4:12  Probe  
  12  4:16  Immortal  
  12  4:22  Sentry  
  12  4:23  Probe, Stalker  
  12  4:24  Probe  
  12  4:27  Assimilator  
  12  4:32  Assimilator  
  12  4:35  Probe, Pylon  
  12  4:36  Probe  
  12  4:39  Stalker  
  12  4:40  Pylon  
  12  4:47  Probe, Twilight Council  
  12  4:48  Probe  
  12  4:59  Probe  
  12  5:00  Probe  
  12  5:01  Protoss Ground Weapons Level 1 (Chrono Boost)  
  12  5:06  Pylon  
  12  5:09  Pylon  
  12  5:10  Immortal  
  12  5:11  Probe  
  12  5:12  Probe  
  12  5:24  Probe x2  
  12  5:29  Templar Archives  
  12  5:36  Probe x2  
  12  5:39  Charge  
  12  5:47  Gateway  
  12  5:48  Probe  
  12  5:49  Probe  
  12  5:51  Gateway  
  12  5:57  Pylon  
  12  5:59  Gateway  
  12  6:00  Probe, Pylon  
  12  6:01  Probe  
  12  6:06  Gateway, High Templar x2  
  12  6:07  Gateway  
  12  6:12  Probe  
  12  6:13  Probe  
  12  6:23  Nexus  
  12  6:24  Probe  
  12  6:25  Probe, Pylon, Immortal  
  12  6:36  Probe  
  12  6:37  Probe  
  12  6:47  Photon Cannon  
  12  6:48  Probe  
  12  6:49  Probe, Photon Cannon  
  12  6:51  Photon Cannon  
  12  6:54  Assimilator  
  12  6:55  High Templar x2  
  12  6:57  Assimilator  
  12  7:00  Probe, Psionic Storm  
  12  7:01  Probe  
  12  7:03  Archon x2  
  12  7:05  Zealot  
  12  7:06  Zealot  
  12  7:12  Probe  
  12  7:13  Probe, Immortal  
  12  7:25  Probe x2  
  12  7:31  High Templar  
  12  7:36  Protoss Ground Weapons Level 2 (Chrono Boost)  
  12  7:37  Zealot x2  
  12  7:52  Immortal  
  12  8:02  Zealot  
  12  8:03  Zealot x6  
  12  8:15  Pylon x2  
  12  8:17  Pylon  
  12  8:18  Pylon  
  12  8:32  Warp Prism  
  12  8:35  Gateway  
  12  8:36  High Templar x3, Gateway  
  12  8:37  High Templar x2  
  12  8:40  Gateway  
  12  8:43  Zealot x3  
  12  8:45  Pylon  
  12  8:46  Pylon  
  12  8:48  Pylon  
  12  8:49  Pylon  
  12  9:08  High Templar  
  12  9:09  High Templar, Zealot  
  12  9:10  Zealot x5  
  12  9:16  Archon  
  12  9:20  Immortal  
  12  9:36  High Templar  
  12  9:37  High Templar  
  12  9:38  Zealot x4  
  12  9:42  Zealot x5  
  12  9:57  Archon x4  
Tags
 
Add a new tag
Caveats
  • Supply blocks, unpowered buildings, or Contaminate may cause inaccurate times.
  • Supply counts are checked every 10 seconds.